 Dungeon Crawl Stone Soup version 0.13-a0-2657-gc1edc70 (webtiles) character file.

1089 Rycklaryybbe the Ruffian (level 7, -1/55 HPs)
             Began as a Centaur Transmuter on Aug 10, 2013.
             Was an Initiate of Fedhas.
             Hit by an exploding dart thrown by a gnoll (5 damage)
             ... on Level 4 of the Dungeon.
             The game lasted 00:27:07 (7692 turns).

Rycklaryybbe the Ruffian (Centaur Transmuter)       Turns: 7692, Time: 00:27:07

HP  -1/55        AC 10     Str 14      XL: 7   Next: 66%
MP   7/7         EV 10     Int 12      God: Fedhas [......]
Gold 254         SH  6     Dex 10      Spells:  3 memorised,  3 levels left

Res.Fire  : + . .   See Invis. : +     - Unarmed
Res.Cold  : x . .   Warding    : .   c - +0 robe
Life Prot.: + . .   Conserve   : .   q - +0 dwarf buckler
Res.Poison: .       Res.Corr.  : .   m - +0 plumed helmet
Res.Elec. : .       Clarity    : .   L - +0 cloak
Sust.Abil.: . .     Spirit.Shd : .   (no gloves)
Res.Mut.  : .       Stasis     : .   o - +0 centaur barding
Res.Rott. : .       Flight     : .   (no amulet)
Saprovore : . . .                    y - ring of Shadows {+Inv rN+ EV+4 Acc-4 SInv w - ring of fire

@: very quick, slightly resistant to hostile enchantments, fairly stealthy
A: hooves 3, deformed body, herbivore 1, speed 2, fast metabolism 1, tough skin
3
a: Renounce Religion, Evoke Invisibility


You were on level 4 of the Dungeon.
You worshipped Fedhas.
Fedhas was pleased with you.
You were not hungry.

You visited 1 branch of the dungeon, and saw 6 of its levels.

You collected 234 gold pieces.

Inventory:

Hand weapons
 e - a +2,+0 elven short sword
 k - a +1,+3 orcish dagger of speed (quivered)
 n - a +2,+0 elven short sword of protection
 r - a -1,+1 orcish scimitar
 C - a +0 blowgun
Missiles
 b - 40 arrows
 t - a throwing net [torn]
 u - a dart of flame
 D - 4 poisoned needles
 G - 17 sling bullets
Armour
 c - a +0 robe (worn)
 m - a +0 plumed helmet (worn)
 o - a +0 centaur barding (worn)
 p - a +2 shield
 q - a +0 dwarven buckler (worn)
 B - a +0 cloak
 L - a +0 cloak (worn)
Magical devices
 j - a wand of draining (0)
 A - a wand of slowing (8)
 J - a wand of lightning (0)
Comestibles
 a - 3 bread rations
Scrolls
 g - a scroll of remove curse
 h - a scroll of magic mapping {unknown}
 i - 4 scrolls of identify
 l - a scroll of enchant weapon II {unknown}
 v - 4 scrolls of teleportation
Jewellery
 w - a ring of fire (left hand)
 y - the ring of Shadows (right hand) {+Inv rN+ EV+4 Acc-4 SInv Stlth+}
   (You found it on level 6 of the Dungeon)

   [ring of invisibility]

   It affects your evasion (+4).
   It affects your accuracy (-4).
   It protects you from negative energy.
   It enhances your eyesight.
   It makes you much more stealthy.
Potions
 E - a potion of confusion
Books
 d - a book of Changes

   Spells                             Type                      Level
   *Beastly Appendage                 Transmutation                1
   *Sticks to Snakes                  Transmutation                2
   *Spider Form                       Transmutation/Poison         3
   Ice Form                           Ice/Transmutation            4
   Blade Hands                        Transmutation                5
 z - a book of Battle

   Spells                             Type                      Level
   Infusion                           Charms                       1
   Shroud of Golubria                 Charms/Translocation         2
   Song of Slaying                    Charms                       2
   Spectral Weapon                    Hexes/Charms                 3
   Regeneration                       Charms/Necromancy            3
   Song of Shielding                  Charms                       4


   Skills:
 - Level 3.1 Fighting
 - Level 1.3 Dodging
 - Level 7.0 Unarmed Combat
 - Level 1.5 Spellcasting
 + Level 4.8 Transmutations


You had 3 spell levels left.
You knew the following spells:

 Your Spells              Type           Power        Failure   Level  Hunger
a - Beastly Appendage     Trmt           ##....       6%          1    ##.....
b - Sticks to Snakes      Trmt           ##........   10%         2    ###....
c - Spider Form           Trmt/Pois      #.........   41%         3    ####...


Dungeon Overview and Level Annotations

Branches:
Dungeon (6/27)                Orc (0/4) D:6
 Temple: D:4-7

Altars:
Fedhas
Kikubaaqudgha
Makhleb
the Shining One

Shops:
D:4: [ D:5: ?

Annotations
D:4 Dowan, Duvessa, Pikel


Innate Abilities, Weirdness & Mutations

You have hooves in place of feet.*
Armour fits poorly on your strangely shaped body.*
You digest meat inefficiently.
You cover ground very quickly.*
You have a fast metabolism.
You have extremely tough skin (AC +3).*


Message History

* * * LOW HITPOINT WARNING * * *
Read which item? (? for menu, Esc to quit)
As you read the scroll of fog, it crumbles to dust.
The scroll dissolves into smoke.
The gnoll closely misses you. The gnoll hits you but does no damage.
The gnoll throws a dart.
The dart misses you. The gnoll hits you but does no damage.
The gnoll hits you from afar with a runed spear.
* * * LOW HITPOINT WARNING * * *
The gnoll throws an exploding dart.
The exploding dart hits you!
* * * LOW HITPOINT WARNING * * *
The exploding dart explodes!
The explosion of exploding dart fragments engulfs you!
* * * LOW HITPOINT WARNING * * *
The explosion of exploding dart fragments engulfs the gnoll.
The gnoll throws a dart.
The dart hits you!
* * * LOW HITPOINT WARNING * * *
The gnoll throws a dart.
The dart misses you.
The gnoll throws an exploding dart.
The exploding dart hits you!
You die...
Fedhas appreciates your contribution to the ecosystem.

### #.# #8# #.#
############################l####
.................§§§§§gKg(gl∩@...
...........(....@.gggg..K.@......
.....g.g...........gg.g..@.......
..^..............g..........8....
........g.........>...@.@........
........g...........g............
................................$
.................................
.................................
........#########################


You could see a slave, a gnoll shaman and 5 gnolls.

Vanquished Creatures
  A sky beast (D:5)
  An ogre (D:5)
  A giant frog (D:6)
  3 crimson imps
  A hound (D:4)
  4 worker ants
  4 orc wizards
  An iguana (D:5)
  A scorpion (D:4)
  A jelly (D:5)
  A worker ant zombie (D:5)
  5 adders
  3 worms
  2 giant geckos
  11 orcs
  11 goblins
  11 hobgoblins
  10 jackals
  2 oozes (D:3)
  3 quokkas
  A ball python (D:4)
  11 bats
  5 giant cockroaches
  2 giant newts (D:2)
  9 kobolds
  An orc skeleton (D:5)
  7 rats
113 creatures vanquished.

Vanquished Creatures (others)
  A giant gecko (D:4)
  4 toadstools
5 creatures vanquished.

Grand Total: 118 creatures vanquished

Notes
Turn   | Place    | Note
--------------------------------------------------------------
     0 | D:1      | Rycklaryybbe, the Centaur Transmuter, began the quest for the Orb.
     0 | D:1      | Reached XP level 1. HP: 16/16 MP: 1/1
   724 | D:1      | Reached XP level 2. HP: 18/23 MP: 0/2
  1700 | D:2      | Found a burning altar of Makhleb.
  1828 | D:2      | Reached XP level 3. HP: 24/28 MP: 4/4
  2495 | D:3      | Reached XP level 4. HP: 28/35 MP: 4/4
  3030 | D:3      | Reached XP level 5. HP: 33/41 MP: 5/5
  3117 | D:3      | HP: 2/41 [ooze (5)]
  3424 | D:2      | Learned a level 2 spell: Sticks to Snakes
  3429 | D:2      | Paralysed by a potion of paralysis for 6 turns
  4492 | D:4      | Noticed an ogre
  4600 | D:4      | Noticed a slave
  4614 | D:3      | Reached skill level 4 in Unarmed Combat
  5568 | D:4      | Noticed Dowan
  5570 | D:4      | Noticed Duvessa
  5572 | D:4      | Reached XP level 6. HP: 41/49 MP: 7/7
  5575 | D:4      | Noticed a slave
  5576 | D:4      | Noticed Pikel
  5577 | D:4      | Noticed a slave
  5581 | D:4      | Noticed a slave
  5681 | D:5      | Entered Level 5 of the Dungeon
  5911 | D:6      | Found a glowing golden altar of the Shining One.
  5918 | D:6      | Found an ancient bone altar of Kikubaaqudgha.
  5927 | D:6      | Found a blossoming altar of Fedhas.
  5930 | D:6      | Reached skill level 5 in Unarmed Combat
  5936 | D:6      | Became a worshipper of Fedhas Madash
  6080 | D:6      | Found a staircase to the Orcish Mines.
  6080 | D:6      | Noticed a hungry ghost
  6387 | D:5      | Reached skill level 6 in Unarmed Combat
  6472 | D:5      | Found Meismos' Magic Scroll Shoppe.
  6619 | D:5      | Reached XP level 7. HP: 48/55 MP: 2/7
  6829 | D:5      | Reached skill level 7 in Unarmed Combat
  6931 | D:5      | Learned a level 3 spell: Spider Form
  7669 | D:4      | Found Jyrets' Armour Emporium.
  7692 | D:4      | Hit by an exploding dart thrown by a gnoll

Action                   |  1- 3 |  4- 6 |  7- 9 || total
-------------------------+-------+-------+-------++-------
Melee: Short sword       |   154 |   129 |       ||   283
       Scimitar          |       |    63 |       ||    63
       Unarmed           |       |    79 |    63 ||   142
 Fire: Blowgun           |       |       |    44 ||    44
Throw: Throwing net      |     1 |     4 |       ||     5
       Dart              |       |       |     2 ||     2
 Cast: Beastly Appendage |     6 |       |       ||     6
       Sticks to Snakes  |       |     2 |       ||     2
Evoke: Wand              |       |     7 |       ||     7
  Use: Potion            |       |     6 |     3 ||     9
       Scroll            |       |     6 |     7 ||    13
 Stab: Sleeping          |       |     2 |       ||     2
